 Dungeon Crawl Stone Soup version 0.30-a0-250-g41c1d76940 (webtiles) character file.

Game seed: 686496985440410441

87 byup the Skirmisher (level 4, 0/38 HPs)
             Began as a Gnoll Hunter on Oct 12, 2022.
             Was a Believer of Zin.
             Slain by a steam dragon (4 damage)
             ... on level 4 of the Dungeon.
             The game lasted 00:17:05 (2086 turns).

byup the Skirmisher (Gnoll Hunter)                  Turns: 2086, Time: 00:17:05

Health: 0/38       AC:  3    Str: 10    XL:     4   Next: 51%
Magic:  5/5        EV: 15    Int:  9    God:    Zin [**....]
Gold:   540        SH:  0    Dex: 23    Spells: 5/5 levels left

rFire   . . .      SeeInvis .    a - +0 shortbow
rCold   . . .      Faith    .    (shield currently unavailable)
rNeg    . . .      Spirit   .    c - +0 leather armour
rPois   .          Reflect  .    (no helmet)
rElec   .          Harm     .    (no cloak)
rCorr   .          Rampage  .    (no gloves)
Will    .....                    (no boots)
Stlth   ++........               (no amulet)
HPRegen 0.26/turn                m - +6 ring of dexterity
MPRegen 0.09/turn                (no ring)

@: no status effects
A: fangs 1, strong nose, distributed training
a: Renounce Religion, Recite, Vitalisation, Donate Gold


You were on level 4 of the Dungeon.
You worshipped Zin.
Zin was pleased with you.
You visited 1 branch of the dungeon, and saw 4 of its levels.

You collected 600 gold pieces.
You donated 60 gold pieces to Zin.

Inventory:

Hand Weapons
 a - a +0 shortbow (weapon)
Missiles
 e - 3 boomerangs
 i - 4 poisoned darts
 j - 8 stones
 q - 6 atropa-tipped darts
Armour
 c - a +0 leather armour (worn)
Jewellery
 m - a +6 ring of dexterity (left hand)
Scrolls
 b - a scroll of immolation
 d - a scroll of enchant weapon
 k - a scroll of blinking
 n - a scroll of torment {unknown}
Potions
 f - a potion of resistance
 g - a potion of brilliance {unknown}
 h - a potion of curing {unknown}
 l - a potion of degeneration {unknown}
 o - a potion of ambrosia {unknown}
 p - a potion of cancellation {unknown}


   Skills:
 + Level 4.7 Fighting
 + Level 1.2 Short Blades
 + Level 1.2 Long Blades
 + Level 1.2 Axes
 + Level 1.2 Maces & Flails
 + Level 1.2 Polearms
 + Level 1.2 Staves
 + Level 8.6 Ranged Weapons
 + Level 1.2 Throwing
 + Level 1.2 Armour
 + Level 4.7 Dodging
 + Level 2.6 Stealth
 + Level 1.2 Shields
 + Level 1.2 Unarmed Combat
 + Level 1.2 Spellcasting
 + Level 1.0 Conjurations
 + Level 1.0 Hexes
 + Level 1.0 Summonings
 + Level 1.0 Necromancy
 + Level 1.0 Translocations
 + Level 1.0 Transmutations
 + Level 1.0 Fire Magic
 + Level 1.0 Ice Magic
 + Level 1.0 Air Magic
 + Level 1.0 Earth Magic
 + Level 1.0 Poison Magic
 + Level 1.3 Invocations
 + Level 1.2 Evocations


You had 5 spell levels left.
You didn't know any spells.
Your spell library contained the following spells:

 Spells                   Type           Power      Damage    Failure   Level
 Apportation              Tloc           4%         N/A       30%         1
 Necrotise                Necr           8%         1d4       30%         1
 Summon Small Mammal      Summ           8%         N/A       30%         1


Dungeon Overview and Level Annotations

Branches:
Dungeon (4/15)
 Temple: D:4-7

Altars:
Cheibriados
Zin


Innate Abilities, Weirdness & Mutations

You have very sharp teeth.
Your uncanny sense of smell can sniff out nearby items.
Your experience applies equally to all skills.


Message History

The hound misses you. The hound misses you. The hound misses you.
A hobgoblin comes into view.
The hound misses you. The hound attacks as you move away!
The hound barely misses you. The hound attacks as you move away!
The hound closely misses you. The hound bites you. The hound barely misses you.
The steam dragon breathes steam at you. The ball of steam misses you.
The hound closely misses you. The hobgoblin barely misses you.
The hobgoblin attacks as you move away! The hobgoblin hits you.
The hound bites you.
The hobgoblin is engulfed in a cloud of scalding steam.
The hobgoblin dies!
The hound attacks as you move away! The hound completely misses you.
The hound bites you.
* * * LOW HITPOINT WARNING * * *
An endoplasm comes into view.
You shoot an arrow. The arrow hits the hound.
The hound is heavily wounded.
The hound completely misses you.
You shoot an arrow. The arrow hits the hound.
The hound is almost dead.
The hound bites you.
* * * LOW HITPOINT WARNING * * *
The hound barely misses you.
You shoot an arrow. The arrow closely misses the hound.
The hound bites you.
* * * LOW HITPOINT WARNING * * *
The steam dragon breathes steam at you. The ball of steam misses you.
The endoplasm freezes you.
You are frozen.
* * * LOW HITPOINT WARNING * * *
The hound completely misses you.
You hear a shout!
You hear an angry hiss.
The steam dragon attacks as you move away!
The steam dragon barely misses you. The steam dragon claws you.
You die...

#..#....#.............
##....###.............
.# #...............
...............#..
###...##..........
###..#..........
#.......§.......
....##JDh....... .##
#..@#......
#...#......
#.§§.##..... .......
.... .....#..#. .♣P
..#####.#. .# ... .
...


You could see a steam dragon (catching breath), a hound and an endoplasm.

Vanquished Creatures
  5 adders
  4 orcs (D:3)
  3 endoplasms
  3 giant cockroaches
  3 goblins (D:3)
  2 hobgoblins
  4 jackals (D:2)
  2 quokkas
  4 ball pythons
  3 bats
  2 frilled lizards
  A kobold (D:2)
  2 rats
38 creatures vanquished.

Vanquished Creatures (others)
  A hobgoblin (D:4)
1 creature vanquished.

Grand Total: 39 creatures vanquished

Notes
Turn   | Place    | Note
-------+----------+-------------------------------------------
     0 | D:1      | byup the Gnoll Hunter began the quest for the Orb.
     0 | D:1      | Reached XP level 1. HP: 20/20 MP: 1/1
   681 | D:2      | Reached XP level 2. HP: 26/26 MP: 2/2
   799 | D:2      | Reached XP level 3. HP: 25/31 MP: 3/3
   879 | D:2      | Found a faded altar of an unknown god.
  1105 | D:2      | Identified a scroll of acquirement
  1105 | D:2      | Acquired 425 gold pieces
  1159 | D:3      | Found a glowing silver altar of Zin.
  1172 | D:3      | Became a worshipper of Zin the Law-Giver
  1172 | D:3      | Reached * piety under Zin
  1172 | D:3      | Reached ** piety under Zin
  1227 | D:3      | Reached skill level 1 in Invocations
  1271 | D:3      | Reached skill level 1 in Short Blades
  1271 | D:3      | Reached skill level 1 in Long Blades
  1271 | D:3      | Reached skill level 1 in Axes
  1271 | D:3      | Reached skill level 1 in Maces & Flails
  1271 | D:3      | Reached skill level 1 in Polearms
  1271 | D:3      | Reached skill level 1 in Staves
  1271 | D:3      | Reached skill level 1 in Throwing
  1271 | D:3      | Reached skill level 1 in Armour
  1271 | D:3      | Reached skill level 1 in Shields
  1271 | D:3      | Reached skill level 1 in Unarmed Combat
  1271 | D:3      | Reached skill level 1 in Spellcasting
  1271 | D:3      | Reached skill level 1 in Evocations
  1426 | D:3      | Reached XP level 4. HP: 29/38 MP: 5/5
  1697 | D:3      | Reached skill level 1 in Conjurations
  1697 | D:3      | Reached skill level 1 in Hexes
  1697 | D:3      | Reached skill level 1 in Summonings
  1697 | D:3      | Reached skill level 1 in Necromancy
  1697 | D:3      | Reached skill level 1 in Translocations
  1697 | D:3      | Reached skill level 1 in Transmutations
  1697 | D:3      | Reached skill level 1 in Fire Magic
  1697 | D:3      | Reached skill level 1 in Ice Magic
  1697 | D:3      | Reached skill level 1 in Air Magic
  1697 | D:3      | Reached skill level 1 in Earth Magic
  1697 | D:3      | Reached skill level 1 in Poison Magic
  1748 | D:3      | Found a snail-covered altar of Cheibriados.
  2057 | D:4      | Noticed a steam dragon
  2086 | D:4      | Slain by a steam dragon

Illustrated notes

Levels and vault maps discovered:
D:1:      dpeg_arrival_rooms_with_view, layout_loops_ring,
          roderic_nine_men_s_morris
D:2:      layout_rooms, shapermc_ecumenical_altar_starsandcircs,
          dreamdust_mushroom_princess, hangedman_decor_slide_cut
D:3:      layout_basic, mainiacjoe_overflow_cross_hatched,
          mainiacjoe_overflow_paths, nicolae_concentric_dashed_squares_mild
D:4:      layout_cave_pools, serial_park, serial_park_fountain,
          serial_park_tiny_1, serial_park_tiny_pond, serial_park_square3
          [serial_park_minivault_5x5_6], uniq_natasha

Skill      XL: |  1  2  3  4 |
---------------+-------------+-----
Invocations    | 1 |  1.3
Short Blades   | 1 |  1.2
Long Blades    | 1 |  1.2
Axes           | 1 |  1.2
Maces & Flails | 1 |  1.2
Polearms       | 1 |  1.2
Staves         | 1 |  1.2
Throwing       | 1 |  1.2
Armour         | 1 |  1.2
Shields        | 1 |  1.2
Unarmed Combat | 1 |  1.2
Spellcasting   | 1 |  1.2
Evocations     | 1 |  1.2
Conjurations   | 1 |  1.0
Hexes          | 1 |  1.0
Summonings     | 1 |  1.0
Necromancy     | 1 |  1.0
Translocations | 1 |  1.0
Transmutations | 1 |  1.0
Fire Magic     | 1 |  1.0
Ice Magic      | 1 |  1.0
Air Magic      | 1 |  1.0
Earth Magic    | 1 |  1.0
Poison Magic   | 1 |  1.0
Fighting       | |  4.7
Ranged Weapons | |  8.6
Dodging        | |  4.7
Stealth        | |  2.6

Action                   |  1- 3 |  4- 6 || total
-------------------------+-------+-------++-------
 Fire: Shortbow          |    86 |    19 ||   105
Throw: Stone             |    13 |       ||    13
  Use: Scroll            |     5 |     1 ||     6
Armor: Leather armour    |    17 |       ||    17
Dodge: Dodged            |    55 |    20 ||    75

Table legend: (Time is in decaauts)
 A = Elapsed time spent in this place.
 B = Non-inter-level travel time spent in this place.
 C = Inter-level travel time spent in this place.
 D = Time resting spent in this place.
 E = Time spent auto-exploring this place.
 F = Levels seen in this place.
 G = Mean time per level.
                   A        B        C        D        E       F      G
               +--------+--------+--------+--------+--------+-----+--------+
         Total |   2100 |   1545 |    555 |      0 |   1218 |   4 |  525.0 |
       Dungeon |   2100 |   1545 |    555 |      0 |   1218 |   4 |  525.0 |
               +--------+--------+--------+--------+--------+-----+--------+

Top non-repeatable levels by time:
     D:3: 905 daAuts
     D:1: 655 daAuts
     D:2: 510 daAuts
     D:4: 29 daAuts
